 Dungeon Crawl Stone Soup version 0.27-a0-668-gb5737ff2c0 (webtiles) character file.

Game seed: 15078065985719019814

102 srzhan31 the Sneak (level 4, -1/27 HPs)
             Began as an Octopode Fire Elementalist on Mar 17, 2021.
             Slain by a goblin
             ... wielding a +0 dagger
             ... led by Robin
              (3 damage)
             ... on level 3 of the Dungeon.
             The game lasted 00:07:11 (2812 turns).

srzhan31 the Sneak (Octopode Fire Elementalist)     Turns: 2812, Time: 00:07:13

Health: -1/27      AC:  1    Str:  7    XL:     4   Next: 78%
Magic:  7/7        EV: 13    Int: 18    God:
Gold:   130        SH:  0    Dex: 12    Spells: 6/7 levels left

rFire    . . .     SeeInvis .   c - staff of earth
rCold    . . .     Faith    .   (no shield)
rNeg     . . .     Spirit   .   (helmet restricted)
rPois    .         Reflect  .   e - amulet of magic regeneration
rElec    .         Harm     .   (no ring)
rCorr    .         Rampage  .   (no ring)
Will     .....                  (no ring)
Stlth    +++.......             (no ring)
HPRegen  0.09/turn              (no ring)
MPRegen  0.35/turn              (no ring)
                                (no ring)
                                (no ring)

@: no status effects
A: almost no armour, amphibious, 8 rings, camouflage 1, gelatinous body 1,
nimble swimmer 1, tentacles
a: no special abilities


You were on level 3 of the Dungeon.
You visited 1 branch of the dungeon, and saw 3 of its levels.

You collected 130 gold pieces.

Inventory:

Magical Staves
 c - a staff of earth (weapon)
Jewellery
 e - an amulet of magic regeneration (around mantle)
Scrolls
 b - 3 scrolls of enchant weapon


   Skills:
 * Level 0.0 Fighting
 * Level 0.1 Staves
 * Level 2.5 Dodging
 * Level 3.5 Stealth
 * Level 1.2 Shields
 * Level 2.3 Spellcasting
 * Level 1.9 Conjurations
 * Level 3.4 Fire Magic
 * Level 1.3 Evocations


You had 6 spell levels left.
You knew the following spells:

 Your Spells              Type           Power      Damage    Failure   Level
a - Foxfire               Conj/Fire      44%        2x1d6     6%          1

Your spell library contained the following spells:

 Spells                   Type           Power      Damage    Failure   Level
 Conjure Flame            Conj/Fire      11%        6-21      17%         3
 Inner Flame              Hex/Fire       8%         N/A       26%         3
 Sticky Flame             Conj/Fire      11%        2d3       50%         4
 Fireball                 Conj/Fire      5%         3d5       85%         5


Dungeon Overview and Level Annotations

Branches:
Dungeon (3/15)

Altars:

Annotations:
D:3 Robin


Innate Abilities, Weirdness & Mutations

You cannot wear most types of armour.
You are amphibious.
You can wear up to eight rings at the same time.
Your skin changes colour to match your surroundings (Stealth+).
Your rubbery body absorbs attacks. (AC +1, EV +1)
You are stealthy while swimming. (Stealth+)
You have tentacles for arms and can constrict up to eight enemies at once.


Message History

A goblin comes into view.
The foxfire hits the goblin.
The goblin is heavily wounded.
The goblin hits you.
Casting: Foxfire (safe; 6% risk of failure)
Press: ? - help, Q - select action Dir - look around, f - activate You conjure some foxfire!
The foxfire hits the goblin.
The goblin is severely wounded.
The foxfire hits the goblin.
You kill the goblin!
The foxfire hits Robin.
Robin is moderately wounded.
Robin throws the goblin at you! The goblin barely misses you.
Robin throws the goblin at you!
* * * LOW HITPOINT WARNING * * *
The goblin misses you.
You closely miss the goblin. You grab the goblin. You constrict the goblin.
The goblin misses you. The goblin hits you with a +0 dagger.
* * * LOW HITPOINT WARNING * * *
Casting: Foxfire (safe; 6% risk of failure)
Press: ? - help, Q - select action Dir - look around, f - activate
There is not enough space to conjure foxfire!
Okay, then.
As you read the scroll labelled YKUOMELL FYSOLA, it crumbles to dust.
It is a scroll of identify.
b - 3 scrolls of enchant weapon You constrict the goblin.
The goblin misses you. The goblin hits you with a +0 dagger.
* * * LOW HITPOINT WARNING * * *
It was a potion of cancellation.
You feel magically purged.
You constrict the goblin. The goblin barely misses you.
The goblin closely misses you.
You hit the goblin but do no damage.
The goblin is severely wounded.
You constrict the goblin.
You kill the goblin!
The goblin no longer looks unusually strong.
The goblin hits you with a +0 dagger.
You die...

#.# #.# #######.#
#......[######
####.####........
..#.............
#.######.....>..
##.######.######........
.......@gg..............
##.######g############..
#)# #..


ggg ..... ..gK. ###.. #...... #.. #....... #.. #........ ### You could see
Robin, a hobgoblin (strong) and a goblin.

Vanquished Creatures
  5 adders
  2 dart slugs
  2 leopard geckos (D:2)
  2 orcs
  7 bats
  A giant cockroach (D:2)
  8 goblins
  8 hobgoblins
  3 jackals (D:2)
  5 kobolds
  2 frilled lizards
45 creatures vanquished.

Vanquished Creatures (others)
  129 foxfires
129 creatures vanquished.

Grand Total: 174 creatures vanquished

Notes
Turn   | Place    | Note
-------+----------+-------------------------------------------
     0 | D:1      | srzhan31 the Octopode Fire Elementalist began the quest for
                  | the Orb.
     0 | D:1      | Reached XP level 1. HP: 11/11 MP: 3/3
   430 | D:1      | Reached XP level 2. HP: 17/17 MP: 1/5
  1140 | D:2      | Reached XP level 3. HP: 19/21 MP: 2/6
  1564 | D:2      | Reached skill level 1 in Shields
  1564 | D:2      | Reached skill level 1 in Evocations
  1707 | D:2      | Reached XP level 4. HP: 27/27 MP: 5/7
  2794 | D:3      | Noticed Robin
  2812 | D:3      | Slain by a goblin

Illustrated notes

Levels and vault maps discovered:
D:1:      wander_arrival_peaceful_grave, layout_loops_corners
D:2:      layout_basic
D:3:      minmay_chambers_of_threes, layout_basic,
          gammafunk_ghost_abyssal_escape, amcnicky_mini_pool_small,
          uniq_crazy_yiuf_cottage, uniq_natasha, uniq_robin

Skill      XL: |  1  2  3 |
---------------+----------+-----
Stealth        | 3 |  3.5
Shields        | 1 |  1.2
Evocations     | 1 |  1.3
Staves         | |  0.1
Dodging        | |  2.5
Spellcasting   | |  2.3
Conjurations   | |  1.9
Fire Magic     | |  3.4

Action                   |  1- 3 |  4- 6 || total
-------------------------+-------+-------++-------
Melee: Staff             |       |     2 ||     2
       Constrict         |       |     1 ||     1
 Cast: Foxfire           |    44 |    34 ||    78
  Use: Potion            |     1 |     1 ||     2
       Scroll            |       |     1 ||     1
Armor: Skin              |     2 |       ||     2
Dodge: Dodged            |     6 |    14 ||    20

Table legend: (Time is in decaauts)
 A = Elapsed time spent in this place.
 B = Non-inter-level travel time spent in this place.
 C = Inter-level travel time spent in this place.
 D = Time resting spent in this place.
 E = Time spent auto-exploring this place.
 F = Levels seen in this place.
 G = Mean time per level.
                   A        B        C        D        E       F      G
               +--------+--------+--------+--------+--------+-----+--------+
         Total |   2812 |   2614 |    198 |      0 |   2318 |   3 |  937.3 |
       Dungeon |   2812 |   2614 |    198 |      0 |   2318 |   3 |  937.3 |
               +--------+--------+--------+--------+--------+-----+--------+

Top non-repeatable levels by time:
     D:2: 1644 daAuts
     D:1: 969 daAuts
     D:3: 199 daAuts
